 Dungeon Crawl Stone Soup version 0.31.0-12-g77e489cdc1 (webtiles) character file.

Game seed: 11464658822662342051

60997 erfael the Severer (level 14, -9/132 HPs)
             Began as a Minotaur Fighter on Feb 1, 2024.
             Was a High Priest of Trog.
             Killed from afar by an acid blob (13 damage)
             ... with a splash of acid
             ... on level 1 of the Pits of Slime on Feb 16, 2024.
             The game lasted 03:56:25 (24863 turns).

erfael the Severer (Minotaur Fighter)              Turns: 24863, Time: 03:56:26

Health: -9/132     AC: 13    Str: 24    XL:     14   Next: 59%
Magic:  13/13      EV: 12    Int:  5    God:    Trog [*****.]
Gold:   1136       SH: 16    Dex: 18    Spells: 13/13 levels left

rFire   . . .        F - +1 war axe (heavy)
rCold   . . .        S - +2 kite shield
rNeg    . . .        D - +0 plate armour
rPois   .            (helmet restricted)
rElec   .            j - +0 cloak
rCorr   .            s - +0 pair of gloves
SInv    .            K - +0 pair of boots {rampage}
Will    +....        z - amulet of the acrobat Stlth
                     G - +6 ring of dexterity
HPRegen 0.42/turn    c - +4 ring of slaying
MPRegen 0.13/turn

%: acrobat, rampage
@: corroded
A: horns 2, retaliatory headbutt
a: Renounce Religion, Berserk, Trog's Hand, Brothers in Arms


You were on level 1 of the Pits of Slime.
You worshipped Trog.
Trog was extremely pleased with you.
You visited 4 branches of the dungeon, and saw 19 of its levels.

You collected 1136 gold pieces.

Inventory:

Hand Weapons
 F - a +1 heavy war axe (weapon)
 N - a +0 hand axe of flaming
 P - the +8 Wrath of Trog {antimagic, *Rage Rampage}
   (You found it on level 3 of the Lair of Beasts)

   It causes slowness and exhaustion when equipped.
   It extends the wielder's berserk rage when killing foes.
   *Rage:     It berserks you when you make melee attacks (+50% chance).
   Rampage:   It bestows one free step when moving towards enemies.
Missiles
 n - 9 curare-tipped darts
 q - 101 stones (quivered)
 u - 10 poisoned darts
 T - 6 throwing nets
Armour
 j - a +0 cloak (worn)
 s - a +0 pair of gloves (worn)
 D - a +0 plate armour (worn)
 K - a +0 pair of boots of rampaging (worn)
 S - a +2 kite shield (worn)
Jewellery
 a - an amulet of faith
 c - a +4 ring of slaying (right hand)
 i - a ring of see invisible
 m - a ring of flight
 r - an amulet of reflection
 z - an amulet of the acrobat (around neck)
 G - a +6 ring of dexterity (left hand)
 O - a +6 ring of dexterity
 X - a ring of protection from fire
 Y - a ring of ice
Talismans
 e - a blade talisman
Wands
 h - a wand of mindburst (10)
 x - a wand of flame (64)
 y - a wand of charming (18)
 E - a wand of roots (10)
 M - a wand of digging (8)
Scrolls
 b - 2 scrolls of blinking
 f - 6 scrolls of teleportation
 t - 2 scrolls of enchant weapon
 v - 2 scrolls of enchant armour {unknown}
 B - 3 scrolls of identify
 I - 5 scrolls of fog
 J - 2 scrolls of vulnerability
 Q - 3 scrolls of fear
 V - 5 scrolls of revelation
 W - 3 scrolls of poison
Potions
 d - a potion of mutation
 g - 2 potions of invisibility
 k - 2 potions of enlightenment
 l - 2 potions of magic
 o - 2 potions of lignification {unknown}
 p - 4 potions of heal wounds
 w - 2 potions of berserk rage
 A - 2 potions of resistance
 C - 2 potions of ambrosia
 H - a potion of cancellation {unknown}
 L - 5 potions of curing
 R - a potion of haste {unknown}
 U - a potion of degeneration {unknown}
Miscellaneous
 Z - a phial of floods


   Skills:
 - Level 14.2 Fighting
 - Level 16.0 Axes
 - Level 14.2 Armour
 + Level 11.0 Dodging
 + Level 14.7 Shields


You had 13 spell levels left.
You didn't know any spells.
Your spell library contained the following spells:

 Spells                   Type           Power      Damage    Failure   Level
 Magic Dart               Conj           0%         1d3       100%        1
 Searing Ray              Conj           0%         2d4       100%        2
 Call Canine Familiar     Summ           0%         N/A       100%        3
 Dazzling Flash           Conj/Hex       0%         N/A       100%        3
 Inner Flame              Hex/Fire       0%         N/A       100%        3
 Mephitic Cloud           Conj/Alch/Air  0%         N/A       100%        3
 Sigil of Binding         Hex            0%         N/A       100%        3
 Dimensional Bullseye     Hex/Tloc       0%         N/A       100%        4
 Flame Wave               Conj/Fire      0%         2d4       100%        4
 Fulminant Prism          Conj/Alch      0%         3d5       100%        4
 Leda's Liquefaction      Alch/Erth      0%         N/A       100%        4
 Sticky Flame             Fire/Alch      0%         2d4       100%        4
 Curse of Agony           Necr           0%         N/A       100%        5
 Lee's Rapid Deconstruct  Erth           0%         3d4*      100%        5
 Silence                  Hex/Air        0%         N/A       100%        5
 Bombard                  Conj/Erth      0%         9d1       100%        6


Dungeon Overview and Level Annotations

Branches:
Dungeon (12/15)            Temple (1/1) D:5            Lair (5/5) D:9
 Shoals (0/4) Lair:2       Spider (0/4) Lair:3        Slime (1/5) Lair:5
    Orc (0/2) D:12

Altars:
Ashenzari
Cheibriados
Dithmenos
Elyvilon
Fedhas
Gozag
Hepliaklqana
Kikubaaqudgha
Makhleb
Nemelex Xobeh
Okawaru
Qazlal
Ru
Sif Muna
Trog
Uskayaw
Vehumet
Wu Jian
Xom
Yredelemnul
Zin
The Shining One
Jiyva

Shops:
D:5 :   D:9 (*!


Innate Abilities, Weirdness & Mutations

You have a pair of horns on your head.
You reflexively headbutt those who attack you in melee.


Message History

You slice the slime creature!!
You kill the slime creature!
Trog accepts your kill.
You hit the slime creature.
An acid blob comes into view.
A slime creature comes into view.
You block the slime creature's attack.
You slice the slime creature!!
You kill the slime creature!
Trog accepts your kill.
The acid blob jiggles.
The acid blob spits acid at you. The splash of acid hits you!
* * * LOW HITPOINT WARNING * * *
The acid corrodes you!
There is an escape hatch in the floor here.
The acid blob spits acid at you. The splash of acid hits you!
* * * LOW HITPOINT WARNING * * *
The acid corrodes you!
You rampage towards the slime creature!
Acid dripping from the walls corrodes you.
You block the acid blob's attack. The acid blob spits acid at you.
You block the splash of acid.
You slice the acid blob!! The acid corrodes you!
Your hands burn!
* * * LOW HITPOINT WARNING * * *
You headbutt the acid blob!
The acid blob is moderately wounded.
You hit the slime creature but do no damage.
The acid blob barely misses you. The slime creature hits you.
* * * LOW HITPOINT WARNING * * *
The acid blob closely misses you.
You slash the acid blob!
Your hands burn!
* * * LOW HITPOINT WARNING * * *
The acid blob is moderately wounded.
You slash the slime creature! The slime creature hits you!
* * * LOW HITPOINT WARNING * * *
The acid blob spits acid at you. The splash of acid hits you!
You die...

# #### ###.# ##.#.#
####.#...
......#.....##........
.......#....#........#
#...................#
.#..........J@....#.#
...........#J>........
#.......>............
..#...................
.........<............
.....#.#..............
... ..................
. ...#..............##
...................##


You could see an acid blob and a slime creature.

Vanquished Creatures
  A rockslime (Slime:1)
  The ghost of turdburglar the Nimble, a journeyman MfSh of Wu Jian (Lair:4)
  3 dire elephants (Lair:5)
  Nessos (Lair:5)
  Fannar (Lair:2)
  Harold (Lair:2)
  4 hydras
  2 two-headed ogres
  A dancing weapon (Lair:4)
  5 boulder beetles
  A spectral dire elephant (Lair:5)
  11 death yaks
  Sonja (Lair:1)
  2 skysharks
  A spectral anaconda (Lair:5)
  An obsidian statue (Lair:5)
  A lindwurm (Lair:5)
  3 necromancers (Lair:5)
  An ugly thing (D:12)
  A wolf spider (Lair:3)
  A manticore (D:11)
  2 cyclopes
  8 elephants
  A dire elephant zombie (Lair:5)
  7 black mambas
  The ghost of OlivierBoivin the Arsonist, a novice DEFE of Sif Muna (D:7)
  An unseen horror (D:10)
  A rime drake (Lair:4)
  2 torpor snails
  6 cane toads
  9 komodo dragons
  3 trolls (D:12)
  A polar bear (Lair:1)
  2 hornets
  A tarantella (Lair:3)
  13 blink frogs
  4 dream sheep
  20 slime creatures
  A water elemental (Lair:2)
  3 shadows (D:11)
  7 wyverns
  34 yaks
  A dire elephant simulacrum (Lair:5)
  3 wraiths
  2 vampires
  6 basilisks
  3 steam dragons
  6 vampire mosquitoes
  A spectral cane toad (Lair:5)
  9 water moccasins
  10 orc warriors
  A sky beast (D:8)
  2 ogres
  A black bear (D:7)
  An ice beast (D:5)
  An elephant zombie (Lair:5)
  5 centaurs
  12 wolves (Lair:2)
  A kobold brigand (D:10)
  2 phantoms
  13 bullfrogs
  2 gnoll sergeants
  2 scorpions (D:6)
  7 wights (D:10)
  4 cane toad simulacra (Lair:5)
  An elephant simulacrum (Lair:5)
  2 electric eels (D:8)
  2 hounds
  2 jellies
  2 bombardier beetles
  10 orc priests
  A gnoll bouda (D:8)
  2 iguanas
  Ijyb (D:4)
  12 orc wizards
  4 adders
  17 gnolls
  A river rat (D:6)
  A shadow imp (D:7)
  A white imp (D:4)
  2 ufetubi (D:7)
  3 ribbon worms
  2 dart slugs (D:4)
  36 orcs
  3 endoplasms (D:4)
  5 giant cockroaches
  4 hobgoblins
  7 jackals
  4 quokkas
  8 ball pythons
  A ball python skeleton (D:2)
  6 bats
  4 frilled lizards
  6 goblins
  11 kobolds
  26 rats
453 creatures vanquished.

Vanquished Creatures (collateral kills)
  An orc priest (D:6)
1 creature vanquished.

Vanquished Creatures (others)
  An unseen horror (D:11)
1 creature vanquished.

Grand Total: 455 creatures vanquished

Notes
Turn   | Place    | Note
-------+----------+-------------------------------------------
     0 | D:1      | erfael the Minotaur Fighter began the quest for the Orb.
     0 | D:1      | Reached XP level 1. HP: 19/19 MP: 0/0
   810 | D:1      | Reached XP level 2. HP: 27/27 MP: 1/1
  1231 | D:2      | Reached skill level 3 in Axes
  1351 | D:2      | Reached XP level 3. HP: 33/33 MP: 2/2
  1692 | D:2      | Reached skill level 4 in Axes
  2118 | D:3      | Reached XP level 4. HP: 40/40 MP: 3/3
  2412 | D:3      | Reached skill level 5 in Axes
  2812 | D:4      | Reached XP level 5. HP: 41/46 MP: 4/4
  3096 | D:4      | Noticed Ijyb
  3103 | D:4      | Reached skill level 6 in Axes
  3105 | D:4      | Killed Ijyb
  3291 | D:4      | Found a hide-covered altar of Uskayaw.
  3298 | D:4      | Found an iron altar of Okawaru.
  3305 | D:4      | Found a basalt altar of Yredelemnul.
  3473 | D:4      | Found a burning altar of Makhleb.
  3556 | D:5      | Entered Level 5 of the Dungeon
  3581 | D:5      | Found Emyfueb's Book Boutique.
  3679 | D:5      | Reached skill level 7 in Axes
  3700 | D:5      | Found a staircase to the Ecumenical Temple.
  3710 | Temple   | Entered the Ecumenical Temple
  3762 | D:5      | Noticed a phantom
  3802 | D:5      | Killed a phantom
  3803 | D:5      | Reached XP level 6. HP: 46/52 MP: 5/5
  3833 | D:5      | Reached skill level 8 in Axes
  4156 | D:5      | Found a stormy altar of Qazlal.
  4447 | D:5      | Noticed an ice beast
  4456 | D:5      | Killed an ice beast
  4457 | D:5      | Reached skill level 9 in Axes
  4457 | D:5      | Reached XP level 7. HP: 59/59 MP: 6/6
  4831 | D:6      | Found a sand-covered staircase.
  5052 | D:6      | Reached skill level 10 in Axes
  5065 | D:6      | Found a shimmering blue altar of Sif Muna.
  5452 | D:6      | Reached skill level 11 in Axes
  5452 | D:6      | Reached XP level 8. HP: 59/66 MP: 7/7
  6367 | D:7      | Reached skill level 12 in Axes
  6414 | D:7      | Found a flagged portal.
  6514 | D:7      | Reached skill level 13 in Axes
  6998 | D:7      | Found a large runed translucent door.
  6999 | D:7      | Found a large runed translucent door.
  7002 | D:7      | Noticed OlivierBoivin's ghost (novice DEFE)
  7022 | D:7      | Killed OlivierBoivin's ghost
  7023 | D:7      | Reached skill level 14 in Axes
  7023 | D:7      | Reached XP level 9. HP: 66/71 MP: 8/8
  7132 | D:7      | Upgraded the game from 0.31.0-11-ge490571c62 to
                  | 0.31.0-12-g77e489cdc1
  7161 | D:8      | Found a hazy altar of Hepliaklqana.
  7561 | D:8      | Reached skill level 15 in Axes
  7597 | D:8      | Found a transporter.
  7627 | D:8      | Found a transporter.
  8595 | D:8      | Found a bloodstained altar of Trog.
  8601 | D:8      | Became a worshipper of Trog the Wrathful
  8792 | D:9      | Found Kitir's General Store.
  8816 | D:9      | Reached skill level 16 in Axes
  8852 | D:9      | Reached skill level 5 in Shields
  9123 | D:9      | Found Kyfrum's Distillery.
  9283 | D:9      | Noticed a two-headed ogre
  9413 | D:9      | Reached XP level 10. HP: 54/78 MP: 9/9
 10209 | D:9      | Reached * piety under Trog
 10432 | D:9      | Found Uhorygut's Weapon Emporium.
 10501 | D:10     | Entered Level 10 of the Dungeon
 10809 | D:10     | Reached skill level 5 in Fighting
 10809 | D:10     | Reached skill level 5 in Armour
 11376 | D:10     | Noticed a two-headed ogre
 11462 | D:9      | Killed a two-headed ogre
 11697 | D:9      | Found a staircase to the Lair.
 11722 | Lair:1   | Entered Level 1 of the Lair of Beasts
 11760 | D:10     | Killed a two-headed ogre
 12233 | D:10     | Reached XP level 11. HP: 92/92 MP: 10/10
 12767 | D:11     | Noticed a boulder beetle
 12788 | D:11     | Killed a boulder beetle
 13368 | D:11     | Paralysed by a hornet for 3 turns
 14034 | D:12     | Noticed a green ugly thing
 14053 | D:12     | Killed a green ugly thing
 14456 | D:12     | Reached skill level 10 in Fighting
 14456 | D:12     | Reached skill level 10 in Armour
 14741 | D:12     | Reached ** piety under Trog
 14766 | D:12     | Found a staircase to the Orcish Mines.
 15339 | Lair:1   | Noticed Sonja
 15606 | Lair:1   | Killed Sonja
 15856 | Lair:1   | Reached XP level 12. HP: 110/110 MP: 11/11
 17075 | Lair:2   | Noticed a boulder beetle
 17117 | Lair:2   | Noticed Fannar
 17201 | Lair:2   | Killed a boulder beetle
 17437 | Lair:2   | Reached *** piety under Trog
 17440 | Lair:2   | Noticed Harold
 17465 | Lair:2   | Killed Harold
 18421 | Lair:2   | Found a transporter.
 18423 | Lair:2   | Found a transporter.
 18425 | Lair:2   | Noticed a boulder beetle
 18425 | Lair:2   | Noticed a boulder beetle
 18453 | Lair:2   | Killed a boulder beetle
 18458 | Lair:2   | Killed a boulder beetle
 19033 | Lair:2   | Found a staircase to the Shoals.
 19547 | Lair:2   | Killed Fannar
 19869 | Lair:3   | Noticed a death yak
 19961 | Lair:3   | Found a hole to the Spider Nest.
 20157 | Lair:3   | Found the +8 Wrath of Trog {antimagic, *Rage Rampage}
 20331 | Lair:3   | Noticed a death yak
 20363 | Lair:2   | Killed a death yak
 20364 | Lair:2   | Reached XP level 13. HP: 124/124 MP: 12/12
 20428 | Lair:3   | Reached skill level 1 in Dodging
 21043 | Lair:4   | Found a runed translucent door.
 21043 | Lair:4   | Found a shimmering altar of Xom.
 21043 | Lair:4   | Noticed turdburglar's ghost (journeyman MfSh)
 21064 | Lair:4   | Killed turdburglar's ghost
 21065 | Lair:4   | Reached skill level 10 in Shields
 21448 | Lair:4   | You fall into a shaft and drop 1 floor!
 21448 | Lair:5   | Entered Level 5 of the Lair of Beasts
 21549 | Lair:5   | Noticed Nessos
 21572 | Lair:5   | Killed Nessos
 21573 | Lair:5   | Reached skill level 5 in Dodging
 21858 | Lair:5   | Noticed a dire elephant
 21858 | Lair:5   | Noticed a dire elephant
 21961 | Lair:5   | Noticed a dire elephant
 21972 | Lair:5   | Killed a dire elephant
 22555 | Lair:5   | Reached **** piety under Trog
 22865 | Lair:5   | Reached XP level 14. HP: 132/132 MP: 13/13
 22865 | Lair:5   | Found a viscous altar of Jiyva.
 22870 | Lair:5   | Found a staircase to the Slime Pits.
 23731 | Lair:5   | Reached skill level 10 in Dodging
 24649 | Lair:5   | Reached ***** piety under Trog
 24833 | Slime:1  | Entered Level 1 of the Pits of Slime
 24833 | Slime:1  | Noticed a rockslime
 24843 | Slime:1  | Killed a rockslime
 24851 | Slime:1  | Noticed an acid blob
 24863 | Slime:1  | HP: 4/132 [slime creature (12)]
 24863 | Slime:1  | Killed from afar by an acid blob

Illustrated notes

Levels and vault maps discovered:
D:1:      heliophobic_arrival_glass_houses, layout_basic, minmay_misc_feat_iff,
          minmay_splitting_lines, minmay_misc_feat_pillars, minmay_hedge_maze
D:2:      layout_basic, serial_undead, serial_undead_d, serial_undead_b,
          serial_undead_e, serial_undead_b, serial_undead_b, minmay_hexomino_u4
D:3:      layout_rooms, minmay_rat_hole
D:4:      layout_cave_pools, mainiacjoe_overflow_alcove_2,
          grunt_temple_overflow_diamond, uniq_ijyb
D:5:      layout_basic, general_overflow_altar, minmay_temple_entry_waves,
          serial_shops, nicolae_book_shop_shelving
D:6:      layout_loops_ring, led_sif_pool, nicolae_ossuary_entry_ruins,
          mainiacjoe_sewer_entry_somewhere_in_here_1
D:7:      layout_cave_pools, enter_bailey_2, ebering_ghost_disaster_area
D:8:      gammafunk_steamed_eel, layout_loops_ring, kennysheep_mini,
          mainiacjoe_overflow_chevrons, serial_library_regret_index_split_case,
          kennysheep_another_room
D:9:      layout_roguey, david_lair_shrubbed, serial_shops, nicolae_shop_trees,
          shop, shop, kennysheep_generic_room_13
D:10:     layout_loops_corners
D:11:     layout_roguey, uniq_grum
D:12:     layout_grid_maze, david_orc_4, evilmike_minifort
Temple:   nicolae_temple_two_arcs
Lair:1:   layout_layer_cave, uniq_sonja
Lair:2:   gammafunk_boulding_lane, layout_long_grid, minmay_shoals_entry_hut,
          dreamdust_mushroom_princess, serial_bayou_shore_b, uniq_fannar,
          uniq_harold
Lair:3:   layout_loops_ring, spider_nest_entry_rubble, grunt_megastairs_1
Lair:4:   layout_gridlike, ebering_ghost_xom
Lair:5:   due_jungle_book, layout_misc_corridors, minmay_slime_entry_pillars,
          wad_woods_06, st_stairs_4, uniq_nessos
Slime:1:  layout_caves, basic_altar

Skill      XL: |  1  2  3  4  5  6  7  8  9 10 11 12 13 14 |
---------------+-------------------------------------------+-----
Shields        | 4 6 9 12 14 | 14.7
Fighting       | 4 7 11 14 | 14.2
Axes           | 3 4 5 7 9 11 14 16 | 16.0
Armour         | 7 11 14 | 14.2
Dodging        | 8 11 | 11.0

Action                     |  1- 3 |  4- 6 |  7- 9 | 10-12 | 13-15 || total
---------------------------+-------+-------+-------+-------+-------++-------
  Melee: War axe           |    72 |   119 |   247 |   542 |   321 ||  1301
         Headbutt          |     6 |    17 |    47 |   143 |   106 ||   319
         Hand axe          |       |       |       |       |    37 ||    37
  Throw: Dart              |       |     2 |       |       |       ||     2
         Stone             |       |       |       |    20 |     6 ||    26
 Invoke: Berserk           |       |       |       |    11 |     2 ||    13
         Trog's Hand       |       |       |       |     1 |     1 ||     2
  Evoke: Wand              |       |     4 |     6 |     2 |       ||    12
    Use: Scroll            |     7 |     4 |     4 |    10 |     2 ||    27
         Potion            |       |       |       |     4 |       ||     4
 Armour: Scale mail        |    44 |    69 |    75 |       |       ||   188
         Plate armour      |       |       |   102 |   320 |   222 ||   644
  Dodge: Dodged            |    31 |    41 |   115 |   149 |   131 ||   467
  Block: Buckler           |    21 |    24 |    47 |       |       ||    92
         Kite shield       |       |       |     5 |   323 |   296 ||   624
